AoeStats
← inman.chris406

Arabia

507348406Analyzed
1v1 RM · 29d ago on Sep 17, 2026· 49m 3s· 2 players
Game mode
Random Map
Map size
Tiny (2 player)
Population
200
Speed
Normal
Resources
Standard
Victory
Conquest
Starting age
Dark Age
Ending age
Imperial Age
RankedLock teamsTeams togetherTeam positionsShared explorationLock speedFull tech treeHidden civsTurbo modeCheats
Victory
Defeat
🇨🇱 Muisca · Chile
946
+16
vs
🇺🇸 Lithuanians · United States
940
-16
inman.chris406
6:22 Loom
9:18 Feudal Age
17:45 Double-Bit Axe
17:42 Horse Collar
22:35 Castle Age
21:09 Fletching
21:20 Scale Mail Armor
21:30 Forging
21:30 Scale Barding Armor
23:10 Bloodlines
30:38 Gold Mining
32:25 Heavy Plow
32:37 Bow Saw
34:14 Wheelbarrow
33:25 Town Watch
36:14 Forging
36:01 Bodkin Arrow
36:27 Chain Barding Armor
37:02 Hand Cart
36:47 Town Patrol
41:38 Imperial Age
39:26 Husbandry
40:36 Stone Mining
41:15 Ballistics
40:51 Murder Holes
41:14 Padded Archer Armor
41:50 Iron Casting
41:19 Padded Archer Armor
41:48 Cavalier
43:10 Cavalier
lerbismancillag
0:28 Loom
10:58 Feudal Age
11:48 Double-Bit Axe
12:53 Champi Runner
14:48 Horse Collar
15:20 Gold Mining
15:53 Forging
15:46 Scale Mail Armor
21:35 Castle Age
20:49 Gold Mining
22:02 Champi Warrior
22:43 Squires
23:27 Wheelbarrow
22:38 Town Watch
25:53 Heavy Plow
29:24 Bow Saw
30:27 Gold Shaft Mining
30:17 Stone Mining
31:08 Iron Casting
32:46 Hand Cart
32:27 Fletching
32:38 Padded Archer Armor
32:54 Chain Mail Armor
34:17 Stone Shaft Mining
36:20 Imperial Age
34:37 Herbalism
35:07 Bodkin Arrow
37:10 Leather Archer Armor
37:57 Crop Rotation
38:47 Plate Mail Armor
39:50 Conscription
40:19 Ballistics
41:05 Chemistry
41:33 Two-Man Saw
41:02 Bracer
41:28 Thumb Ring
41:02 Elite Temple Guard
43:33 Elite Champi Warrior
43:36 Elite Guecha Warrior
Connection lost

Rejoining the realm…

Still unreachable

The connection could not be restored.

Session expired

The server has moved on; the page needs a fresh start.